 Dungeon Crawl Stone Soup version 0.17.2-1-ge4368a0 (webtiles) character file.

2298 Goblin1989 the Carver (level 9, -4/68 HPs)
             Began as a Demonspawn Assassin on Nov 29, 2017.
             Was an Initiate of Gozag.
             Slain by a large abomination (25 damage)
             ... on level 1 of the Abyss.
             The game lasted 00:20:12 (5523 turns).

Goblin1989 the Carver (Demonspawn Assassin)         Turns: 5523, Time: 00:20:12

Health: -4/68      AC: 19    Str: 14    XL:     9   Next: 17%
Magic:  9/9        EV: 11    Int: 12    God:    Gozag
Gold:   167        SH:  0    Dex: 19    Spells: 0 memorised, 8 levels left

rFire  . . .     SeeInvis .     O - +2 great sword "Mudecuk" {speed, MR+ Dex+5}
rCold  + . .     Clarity  .     W - +5 ring mail of Cheibriados's Fury {-Cast rPois Regen+ rCorr}
rNeg   . . .     SustAt   .     (shield currently unavailable)
rPois  +         Gourm    .     (helmet restricted)
rElec  .         Spirit   .     d - +0 cloak
rCorr  +         Warding  .     G - +1 pair of gloves
rMut   .         Stasis   .     K - +0 pair of boots
MR     ++...     NoCast   +     (no amulet)
Stlth  ++........               m - ring of protection from magic
                                y - -2 ring of intelligence (curse)

@: about to teleport, very resistant to hostile enchantments, unstealthy
A: horns 2, icy blue scales 3, powered by death 2
a: Potion Petition, Call Merchant, Bribe Branch, Renounce Religion


You were on level 1 of the Abyss.
You worshipped Gozag.
Gozag was noncommittal.
You were very full.

You visited 1 branch of the dungeon, and saw 7 of its levels.
You visited the Abyss 1 time.
You also visited: Ossuary.

You collected 719 gold pieces.
You spent 485 gold pieces at shops.
You paid 67 gold pieces to Gozag.

Inventory:

Hand Weapons
 a - a +2 dagger
 c - a +4 flail of protection
 o - a +1 long sword of distortion {!w}
 q - a +2 dagger of electrocution
 w - a +0 blowgun {@w1}
 x - a +2 dagger of flaming
 B - a +1 great sword
 L - a cursed +0 flail
 O - the +2 great sword "Mudecuk" (weapon) {speed, MR+ Dex+5}
   (You bought it in a shop on level 7 of the Dungeon)

   Attacks with this weapon are significantly faster.
   It affects your dexterity (+5).
   It affects your resistance to hostile enchantments.
Missiles
 f - 7 curare-tipped needles
 g - 61 poisoned needles
 v - 6 javelins (quivered)
Armour
 d - a +0 cloak (worn)
 G - a +1 pair of gloves (worn)
 H - a +0 buckler
 K - a +0 pair of boots (worn)
 W - the +5 ring mail of Cheibriados's Fury (worn) {-Cast rPois Regen+ rCorr}
   (You bought it in a shop on level 7 of the Dungeon)

   It protects you from poison.
   It prevents spellcasting.
   It increases your rate of regeneration.
   It protects you from acid and corrosion.
Magical Staves
 b - a staff of cold {unknown}
Jewellery
 m - a ring of protection from magic (right hand)
 r - a ring of positive energy
 y - a cursed -2 ring of intelligence (left hand)
Wands
 A - a wand of digging (17)
 D - a wand of fire (9)
 N - a wand of frost (22)
 Q - a wand of cold (4)
Scrolls
 h - a scroll of noise {unknown}
 j - a scroll of fog
 n - a scroll of random uselessness {unknown}
 s - a scroll of immolation
 t - 2 scrolls of remove curse {unknown}
 M - a scroll of magic mapping
 R - 2 scrolls of identify {@r1}
 T - 2 scrolls of teleportation {@r3, !r}
Potions
 i - a potion of invisibility {unknown}
 l - 2 potions of degeneration {unknown}
 u - 2 potions of magic {unknown}
 z - 3 potions of resistance {unknown}
 C - 2 potions of agility {unknown}
 E - a potion of heal wounds {unknown}
 F - a potion of haste
 I - a potion of poison {unknown}
 P - 2 potions of lignification
 S - 2 potions of berserk rage {unknown}
Comestibles
 e - 4 bread rations {@e1}
 k - 6 meat rations {@e2}


   Skills:
 + Level 5.0 Fighting
 - Level 1.7(5.8) Short Blades
 * Level 8.8(9.0) Long Blades
 - Level 1.7 Throwing
 + Level 2.8 Armour
 * Level 2.5 Dodging
 - Level 3.6 Stealth
 - Level 3.1 Shields


You had 8 spell levels left.
You didn't know any spells.

Dungeon Overview and Level Annotations

Branches:
Dungeon (7/15)             Temple (0/1) D:5

Altars:
Ashenzari
Dithmenos
Elyvilon
Gozag
Kikubaaqudgha
Ru
Yredelemnul
Zin

Shops:
D:7 ([

Annotations:
Abyss:1 Sigmund


Innate Abilities, Weirdness & Mutations

You have a pair of horns on your head.
You are completely covered in icy blue scales (AC +4, EV -1, rC+).
You regenerate health from kills.


Message History

No previous command to re-do.
Eat which item? (? for menu, Esc to quit)
You continue eating. x2
You finish eating.
That bread ration really hit the spot!
Unknown command.
A crimson imp comes into view.
The crimson imp shouts!
You slice the crimson imp!!
You kill the crimson imp!
You now have 152 gold pieces (gained 7).
A large abomination comes into view.
The large abomination moves out of view.
A small abomination comes into view.
You feel less regenerative.
Unknown command.
You see here a glowing flail.
The small abomination barely misses you.
You slash the small abomination!
The small abomination is moderately damaged.
The small abomination closely misses you.
You slash the small abomination!
Your headbutt misses the small abomination.
The small abomination is severely damaged.
The small abomination hits you but does no damage.
Your ring mail of Cheibriados's Fury prevents you from hitting the small abomination.
The small abomination is severely damaged.
The small abomination closely misses you.
You slash the small abomination!
The small abomination is almost destroyed.
You slash the small abomination!
You destroy the small abomination!
You now have 167 gold pieces (gained 15).
A large abomination comes into view.
The large abomination moves out of view.
You feel less regenerative.
A white imp comes into view.
Read which item? (? for menu, Esc to quit)
As you read the scroll labeled CODOISALEKEI, it crumbles to dust.
You feel momentarily disoriented.
It was a scroll of magic mapping.
M - a scroll of magic mapping;
D - a wand of fire Unknown command.
Read which item? (? for menu, Esc to quit)
As you read the scroll labeled EBAMUSMEMNO, it crumbles to dust.
It is a scroll of enchant weapon.
Enchant which weapon? (? for menu, Esc to quit)
Your great sword glows red for a moment.
The large abomination hits you!
You take 11 damage, and have 57/68 hp.
Read which item? (? for menu, Esc to quit)
As you read the scroll labeled YTYAWE UREBB, it crumbles to dust.
The creatures around you are filled with an inner flame!
It was a scroll of immolation.
The large abomination hits you but does no damage.
Read which item? (? for menu, Esc to quit)
As you read the scroll labeled XICOSI NIHOSHRO, it crumbles to dust.
You feel forgetful for a moment.
It was a scroll of amnesia.
The large abomination hits you!
You take 16 damage, and have 42/68 hp.
O_OOPS!!
MASSIVE DAMAGE!!
Unknown command.
Read which item? (? for menu, Esc to quit)
As you read the scroll labeled SUOJET SYMUHO, it crumbles to dust.
The scroll dissolves into smoke.
It was a scroll of fog.
The large abomination closely misses you.
Read which item? (? for menu, Esc to quit)
As you read the scroll labeled MEQEAC JIRO, it crumbles to dust.
It is a scroll of enchant armour.
Enchant which item? (? for menu, Esc to quit)
Your +0 pair of gloves glows green for a moment.
The large abomination hits you but does no damage.
Read which item? (? for menu, Esc to quit)
As you read the scroll labeled ISITEI WORCHO, it crumbles to dust.
You feel strangely unstable.
You feel the power of the Abyss delaying your translocation!
It was a scroll of teleportation.
T - 2 scrolls of teleportation;
b - a thick glowing staff The large abomination hits you but does no damage.
You slash the large abomination!
The large abomination is moderately damaged.
You hit the large abomination but do no damage.
The large abomination is moderately damaged.
The large abomination hits you!
You take 10 damage, and have 34/68 hp.
You barely miss the large abomination.
The large abomination is moderately damaged.
The large abomination misses you.
You hit the large abomination but do no damage.
The large abomination is moderately damaged.
The large abomination hits you!
* * * LOW HITPOINT WARNING * * *
You take 16 damage, and have 19/68 hp.
O_OOPS!!
MASSIVE DAMAGE!!
You slash the large abomination!
The large abomination is heavily damaged.
You hit the large abomination.
The large abomination is severely damaged.
The large abomination barely misses you.
You barely miss the large abomination.
The large abomination is severely damaged.
The large abomination hits you!!
You die...
Your body crumbles into a pile of gold.

█ .█.█.█ █ █
.....█ .█
█.████ ..
...██.█ . █
██ .█.. ██ █
..██...█)█ .
..█.█....█
█.██ ..§███
.█. ..█X@█
█...██.X████
... █. .██ .
..██ █ █.
██.. .█ █.
... ██ █ █
.█ █ ..█. █.
███ ███


You could see a large abomination (inner flame).

Vanquished Creatures
  Pikel (D:7)
  The ghost of Goblin1989 the Stinger, an amateur NaWn (Ossuary)
  A small abomination (Abyss:1)
  An ogre (D:5)
  An ice beast (D:7)
  A sky beast (D:6)
  Blork the orc (D:5)
  2 scorpions
  A quasit (D:6)
  2 centaur zombies (Ossuary)
  A hound (D:7)
  A human zombie (Ossuary)
  3 crimson imps
  An iguana (D:6)
  Terence (D:3)
  A worker ant (D:4)
  A hound skeleton (D:5)
  2 mummies (Ossuary)
  4 adders
  5 gnolls
  2 shadow imps
  3 oozes (D:2)
  2 adder zombies (Ossuary)
  2 adder skeletons
  2 worms
  3 giant geckos
  4 orcs (D:3)
  2 gnoll zombies (Ossuary)
  12 goblins
  11 hobgoblins
  2 jackals (D:5)
  4 kobolds
  A ball python (D:4)
  9 bats
  2 giant cockroaches
  3 giant newts
  3 goblin zombies (Ossuary)
  A hobgoblin zombie (Ossuary)
  5 jackal zombies
  4 kobold zombies (Ossuary)
  4 orc zombies (Ossuary)
  2 quokkas
  4 quokka zombies (Ossuary)
  5 rats
  5 rat zombies (Ossuary)
  A spectral orc (D:5)
130 creatures vanquished.

Vanquished Creatures (others)
  The ghost of Goblin1989 the Skirmisher, an amateur DsAs (D:4)
  An ice beast (D:5)
  A phantom (D:5)
  A human zombie (Ossuary)
  2 adders
  2 adder zombies (Ossuary)
  An orc (D:3)
  A kobold (D:3)
  A quokka (D:6)
11 creatures vanquished.

Grand Total: 141 creatures vanquished

Notes
Turn   | Place    | Note
--------------------------------------------------------------
     0 | D:1      | Goblin1989 the Demonspawn Assassin began the quest for the Orb.
     0 | D:1      | Reached XP level 1. HP: 16/16 MP: 1/1
    70 | D:1      | You fall through a shaft!
   118 | D:1      | Gained mutation: You are partially covered in icy blue scales (AC +1). [demonic ancestry]
   118 | D:1      | Reached XP level 2. HP: 23/23 MP: 2/2
   417 | D:2      | Gained mutation: You are mostly covered in icy blue scales (AC +3, EV -1). [demonic ancestry]
   417 | D:2      | Reached XP level 3. HP: 29/29 MP: 3/3
   664 | D:2      | Reached skill level 1 in Long Blades
   690 | D:2      | Found a faded altar to an unknown god.
   959 | D:2      | Gained mutation: You regenerate a little health from kills. [demonic ancestry]
   959 | D:2      | Reached XP level 4. HP: 34/37 MP: 4/4
  1360 | D:3      | Found an ancient bone altar of Kikubaaqudgha.
  1363 | D:3      | Found a shadowy altar of Dithmenos.
  1613 | D:3      | Reached XP level 5. HP: 42/42 MP: 5/5
  1736 | D:3      | Noticed Sigmund
  1897 | D:3      | Banished Sigmund
  1897 | D:3      | Reached skill level 4 in Long Blades
  2105 | D:3      | Gained mutation: You are completely covered in icy blue scales (AC +4, EV -1, rC+). [demonic ancestry]
  2105 | D:3      | Reached XP level 6. HP: 48/48 MP: 6/6
  2231 | D:3      | Noticed Terence
  2236 | D:3      | Killed Terence
  2393 | D:4      | Noticed Goblin1989's ghost (amateur DsAs)
  2393 | D:4      | Reached skill level 5 in Long Blades
  2768 | D:4      | Banished Goblin1989's ghost
  2768 | D:4      | Reached skill level 6 in Long Blades
  2768 | D:4      | Gained mutation: You regenerate health from kills. [demonic ancestry]
  2768 | D:4      | Reached XP level 7. HP: 43/53 MP: 7/7
  3062 | D:4      | Found a sacrificial altar of Ru.
  3109 | D:5      | Entered Level 5 of the Dungeon
  3187 | D:5      | Found an opulent altar of Gozag.
  3187 | D:5      | Found a glowing silver altar of Zin.
  3198 | D:5      | Became a worshipper of Gozag Ym Sagoz the Greedy
  3286 | D:5      | Noticed Blork the orc
  3294 | D:5      | Killed Blork the orc
  3360 | D:5      | Reached skill level 7 in Long Blades
  3460 | D:5      | Found a basalt altar of Yredelemnul.
  3567 | D:5      | Found a staircase to the Ecumenical Temple.
  3722 | D:6      | Found a white marble altar of Elyvilon.
  3731 | D:6      | Found a sand-covered staircase.
  3736 | Ossuary  | Entered an ossuary
  3736 | Ossuary  | Noticed Goblin1989's ghost (amateur NaWn)
  3982 | Ossuary  | Reached skill level 1 in Shields
  3982 | Ossuary  | Gained mutation: You have a pair of small horns on your head. [demonic ancestry]
  3982 | Ossuary  | Reached XP level 8. HP: 27/60 MP: 8/8
  3987 | Ossuary  | Killed Goblin1989's ghost
  3987 | Ossuary  | Reached skill level 1 in Armour
  4171 | Ossuary  | Reached skill level 8 in Long Blades
  4233 | D:6      | Found a shattered altar of Ashenzari.
  5203 | D:7      | Found Kazalup's Antique Armour Shoppe.
  5206 | D:7      | Found Elaom's Antique Weapon Shop.
  5208 | D:7      | Bought an encrusted ring mail for 198 gold pieces
  5218 | D:7      | Identified the +5 ring mail of Cheibriados's Fury {-Cast rPois Regen+ rCorr} (You bought it in a shop on level 7 of the Dungeon)
  5286 | D:7      | Noticed Pikel
  5311 | D:7      | Killed Pikel
  5311 | D:7      | Reached skill level 5 in Fighting
  5311 | D:7      | Gained mutation: You have a pair of horns on your head. [demonic ancestry]
  5311 | D:7      | Reached XP level 9. HP: 51/68 MP: 9/9
  5321 | D:7      | Bought a warped great sword for 287 gold pieces
  5321 | D:7      | Identified the +2 great sword "Mudecuk" {speed, MR+ Dex+5} (You bought it in a shop on level 7 of the Dungeon)
  5327 | D:7      | Cast into the Abyss (a distortion unwield)
  5494 | Abyss:1  | Noticed a large abomination
  5523 | Abyss:1  | Slain by a large abomination

Action                   |  1- 3 |  4- 6 |  7- 9 || total
-------------------------+-------+-------+-------++-------
Melee: Dagger            |    39 |       |       ||    39
       Long sword        |    37 |   111 |   237 ||   385
       Great sword       |       |       |    13 ||    13
 Fire: Blowgun           |     1 |       |       ||     1
Throw: Javelin           |       |       |     5 ||     5
  Use: Potion            |       |       |     1 ||     1
       Scroll            |       |       |     8 ||     8
 Stab: Sleeping          |    12 |     4 |     4 ||    20
       Distracted        |       |       |     1 ||     1
  Eat: Chunk             |       |     5 |     2 ||     7
       Royal jelly       |       |       |     1 ||     1
       Pizza             |       |       |     3 ||     3
       Beef jerky        |       |       |     3 ||     3
       Bread ration      |       |       |     1 ||     1

Vault maps used:
D:1:      roderic_octagonal_star
D:2:      first_bread, ecumenical_altar_2
D:3:      minitemple, uniq_terence, uniq_sigmund
D:4:      marbit_many_paths
D:5:      grunt_temple_overflow_gold_and_silver,
          yredelemnul_forgotten_temple_becter, minmay_temple_entry_statues,
          uniq_blork_the_orc
D:6:      elyvilon_altar_4, evilmike_ruin_ashenzari,
          nicolae_ossuary_entry_false_entrances
D:7:      serial_shops, nicolae_shop_crystal, nicolae_shop_waterfront, shop,
          shop, nicolae_shop_crystal, uniq_pikel
Ossuary:  minmay_ossuary_two_tombs
